 Seeded DCSS version 0.31-a0-986-g5e6e4ef867 (webtiles) character file.

Game seed: 3451369682634171190 (custom seed)

897 timneilson the Ruffian (level 8, -5/54 HPs)
             Began as an Octopode Shapeshifter on Nov 24, 2023.
             Was an Initiate of Gozag.
             Slain by a gnoll
             ... wielding a +0 halberd
             ... led by a gnoll sergeant
              (6 damage)
             ... on level 5 of the Dungeon.
             The game lasted 00:06:48 (3401 turns).

timneilson the Ruffian (Octopode Shapeshifter)      Turns: 3401, Time: 00:06:49

Health: -5/54      AC:  1    Str: 15    XL:     8   Next: 7%
Magic:  8/8        EV: 14    Int: 13    God:    Gozag
Gold:   94         SH:  0    Dex: 11    Spells: 7/7 levels left

rFire   . .          .
                       - Unarmed
rCold   . . .        (no shield)
rNeg    . . .        (helmet currently unavailable)
rPois   .            e - amulet of the acrobat
rElec   .            (no ring)
rCorr   .            (no ring)
SInv    .            (no ring)
Will    .....        (no ring)
Stlth   +++          (no ring)
HPRegen 0.29/turn    (no ring)
MPRegen 0.11/turn    (no ring)
                     (no ring)

%: acrobat
@: about to teleport, beast-form, gold aura, studying Unarmed Combat
A: beast (slay +2), almost no armour, amphibious, 8 rings, camouflage 1,
gelatinous body 1, (nimble swimmer 1), tentacles
a: Begin Untransformation, Renounce Religion, Potion Petition, Call Merchant,
Bribe Branch


You were on level 5 of the Dungeon.
You worshipped Gozag.
Gozag was noncommittal.
You were a hulking beast.
You visited 1 branch of the dungeon, and saw 5 of its levels.

You collected 165 gold pieces.
You paid 71 gold pieces to Gozag.

Inventory:

Jewellery
 d - a ring of ice
 e - an amulet of the acrobat (around mantle)
 n - a ring of wizardry
Talismans
 b - a beast talisman
 c - a flux talisman
Wands
 m - a wand of polymorph (3)
 p - a wand of quicksilver (11)
Scrolls
 h - 2 scrolls of poison
 l - a scroll of teleportation
 r - a scroll of identify
Potions
 a - a potion of lignification
 f - 2 potions of brilliance {unknown}
 g - a potion of haste
 i - a potion of curing {unknown}
 j - a potion of enlightenment {unknown}
 k - a potion of heal wounds {unknown}
 o - a potion of attraction {unknown}
 q - a potion of magic {unknown}


   Skills:
 * Level 4.1 Fighting
 * Level 4.5 Dodging
 + Level 3.9 Stealth
 * Level 6.3 Unarmed Combat
 + Level 1.4 Evocations
 * Level 4.7 Shapeshifting


You had 7 spell levels left.
You didn't know any spells.
Your spell library contained the following spells:

 Spells                   Type           Power      Damage    Failure   Level
 Ensorcelled Hibernation  Hex/Ice        0%         N/A       43%         2
 Jinxbite                 Hex            0%         N/A       43%         2
 Frozen Ramparts          Ice            0%         1d1       67%         3
 Anguish                  Hex/Necr       0%         N/A       97%         4
 Petrify                  Tmut/Erth      0%         N/A       97%         4
 Metabolic Englaciation   Hex/Ice        0%         N/A       100%        5


Dungeon Overview and Level Annotations

Branches:
Dungeon (5/15)
 Temple: D:4-7

Altars:
Gozag
Okawaru
Trog
Wu Jian

Shops:
D:1 (=


Innate Abilities, Weirdness & Mutations

You are a hulking beast.
Your limbs bulge with bestial killing power. (Slay +2)
You cannot wear most types of armour.
You are amphibious.
You can wear up to eight rings at the same time.
Your skin changes colour to match your surroundings (Stealth+).
Your rubbery body absorbs attacks. (AC +1, EV +1)
((You are camouflaged when in or above water. (Stealth+)))
You have tentacles for arms and can constrict up to eight enemies at once.


Message History

The helpless gnoll sergeant fails to defend itself.
You bludgeon the gnoll sergeant! Your grab misses the gnoll sergeant.
Your squeeze misses the gnoll sergeant.
The gnoll sergeant is moderately wounded.
The gnoll shouts! x2
The gnoll sergeant barely misses you.
The gnoll hits you from afar with a +0 halberd!
The hound is distracted by your dazzling golden aura.
As you read the scroll of teleportation, it crumbles to dust.
You feel strangely unstable. The gnoll misses you.
The gnoll sergeant hits you with a +0 spear!
The gnoll closely misses you.
You bludgeon the gnoll sergeant! Your grab misses the gnoll sergeant.
The gnoll sergeant is severely wounded.
The hound is no longer distracted by gold.
The gnoll hits you from afar with a +0 spear!
The gnoll barely misses you. The gnoll completely misses you.
The gnoll sergeant misses you.
You tentacle-slap the gnoll sergeant. You grab the gnoll sergeant.
The gnoll sergeant is almost dead.
You constrict the gnoll sergeant.
The gnoll hits you from afar with a +0 spear!
* * * LOW HITPOINT WARNING * * *
The gnoll misses you.
The gnoll sergeant hits you with a +0 spear!
* * * LOW HITPOINT WARNING * * *
A jelly comes into view.
The gnoll misses you.
You completely miss the gnoll sergeant.
The gnoll sergeant is almost dead.
You constrict the gnoll sergeant.
The hound pauses to sniff the ground.
The hound bites you.
* * * LOW HITPOINT WARNING * * *
The gnoll hits you from afar with a +0 halberd.
* * * LOW HITPOINT WARNING * * *
The gnoll barely misses you.
The gnoll hits you from afar with a +0 halberd.
You die...
Your body crumbles into a pile of gold.

###.......#
#.......#.#
#.#..##.#.##
#.##..#....#
###.##..##..)###
#....##..#.#...##
#.._.# ..#.###..#
#....# ..#.# ##.#
#.#.## .##.# #h#
#...# ..#
#ghgg..# #..##
..# gg.$..##
##..# ..
#.......# #...#
##......# #...#
#...##... ...##
J..#. ... ...#
#..#.. .[ #.##


You could see a gnoll sergeant, a hound, a jelly and 4 gnolls.

Vanquished Creatures
  Prince Ribbit (D:5)
  Sigmund (D:4)
  Eustachio (D:4)
  A black bear (D:3)
  A scorpion (D:4)
  A hound (D:4)
  A sleepcap (D:4)
  Terence (D:3)
  5 gnolls
  4 adders
  A shadow imp (D:3)
  A worm (D:3)
  6 dart slugs
  3 orcs (D:4)
  6 ball pythons
  4 endoplasms
  5 giant cockroaches
  6 goblins
  6 hobgoblins
  7 jackals
  2 quokkas
  2 bats (D:1)
  A frilled lizard (D:2)
  4 kobolds
  7 rats
78 creatures vanquished.

Notes
Turn   | Place    | Note
-------+----------+-------------------------------------------
     0 | D:1      | timneilson the Octopode Shapeshifter began the quest for
                  | the Orb.
     0 | D:1      | Reached XP level 1. HP: 13/13 MP: 1/1
    35 | D:1      | Found Juceetep's Jewellery Shop.
    60 | D:1      | Noticed an eye of devastation
    62 | D:1      | Found a faded altar of an unknown god.
    74 | D:1      | Noticed a golden eye
    74 | D:1      | Noticed a glass eye
    74 | D:1      | Noticed a golden eye
    77 | D:1      | Reached XP level 2. HP: 15/18 MP: 2/2
   696 | D:1      | Found Mylaamin's Weapon Shop.
   701 | D:1      | Reached skill level 1 in Stealth
   702 | D:1      | Reached XP level 3. HP: 22/23 MP: 3/3
   836 | D:2      | Identified a scroll of acquirement
   836 | D:2      | Acquired a manual of Unarmed Combat
  1315 | D:2      | Reached XP level 4. HP: 29/29 MP: 4/4
  1758 | D:3      | Reached XP level 5. HP: 32/34 MP: 5/5
  1783 | D:3      | Noticed Terence
  1791 | D:3      | Killed Terence
  1792 | D:3      | Reached skill level 4 in Unarmed Combat
  2009 | D:3      | Found an iron altar of Okawaru.
  2012 | D:3      | Found an ornate altar of the Wu Jian Council.
  2021 | D:3      | Found a bloodstained altar of Trog.
  2081 | D:3      | Noticed a black bear
  2092 | D:3      | Killed a black bear
  2093 | D:3      | Reached XP level 6. HP: 27/41 MP: 6/6
  2381 | D:4      | Noticed Sigmund
  2389 | D:4      | Killed Sigmund
  2390 | D:4      | Reached skill level 5 in Unarmed Combat
  2486 | D:4      | Reached XP level 7. HP: 43/46 MP: 7/7
  2955 | D:4      | Noticed Eustachio
  2961 | D:4      | Killed Eustachio
  2962 | D:4      | Reached skill level 1 in Evocations
  3242 | D:5      | Entered Level 5 of the Dungeon
  3260 | D:5      | Noticed Prince Ribbit
  3297 | D:5      | Killed Prince Ribbit
  3298 | D:5      | Reached skill level 6 in Unarmed Combat
  3298 | D:5      | Reached XP level 8. HP: 32/54 MP: 8/8
  3299 | D:5      | Found an opulent altar of Gozag.
  3307 | D:5      | Became a worshipper of Gozag Ym Sagoz the Greedy
  3401 | D:5      | HP: 2/54 [hound (5)]
  3401 | D:5      | Slain by a gnoll

Illustrated notes

Levels and vault maps discovered:
D:1:      spicycebolla_green_bress_n_ham, layout_basic,
          hellmonk_ecumenical_altar_watching_god, serial_shops,
          nicolae_shop_gaudy_bauble, shop
D:2:      layout_loops_ring
D:3:      layout_loops_cross, grunt_temple_overflow_open,
          hangedman_decor_opposing, corexii_hall_statues_l, uniq_terence
D:4:      layout_basic, uniq_eustachio, uniq_sigmund
D:5:      layout_cave_pools, mainiacjoe_overflow_catch_the_wave,
          uniq_prince_ribbit1, uniq_grinder, uniq_menkaure, uniq_ijyb

Skill      XL: |  1  2  3  4  5  6  7 |
---------------+----------------------+-----
Stealth        | 1 2 3 |  3.9
Fighting       | 2 3 4 |  4.1
Dodging        | 3 4 |  4.5
Unarmed Combat | 4 5 6 |  6.3
Shapeshifting  | 4 |  4.7
Evocations     | 1 |  1.4

Action                     |  1- 3 |  4- 6 |  7- 9 || total
---------------------------+-------+-------+-------++-------
  Melee: Unarmed           |    60 |    57 |    42 ||   159
         Constrict         |    19 |    17 |    13 ||    49
         Tentacles         |    12 |    18 |    11 ||    41
         Punch             |     2 |     2 |     3 ||     7
    Use: Scroll            |     2 |     4 |     1 ||     7
   Stab: Sleeping          |     3 |     8 |     4 ||    15
         Distracted        |     1 |       |       ||     1
 Armour: Skin              |    14 |    19 |    14 ||    47
  Dodge: Dodged            |    37 |    40 |    38 ||   115

Table legend: (Time is in decaauts)
 A = Elapsed time spent in this place.
 B = Non-inter-level travel time spent in this place.
 C = Inter-level travel time spent in this place.
 D = Time resting spent in this place.
 E = Time spent auto-exploring this place.
 F = Levels seen in this place.
 G = Mean time per level.
                   A        B        C        D        E       F      G
               +--------+--------+--------+--------+--------+-----+--------+
         Total |   3390 |   3287 |    103 |    192 |   2305 |   5 |  678.0 |
       Dungeon |   3390 |   3287 |    103 |    192 |   2305 |   5 |  678.0 |
               +--------+--------+--------+--------+--------+-----+--------+

Top non-repeatable levels by time:
     D:4: 870 daAuts
     D:1: 812 daAuts
     D:3: 782 daAuts
     D:2: 767 daAuts
     D:5: 157 daAuts
